 Dungeon Crawl Stone Soup version 0.18-a0-1778-gadce9fa (webtiles) character file.

21 Cathrinf the Shield-Bearer (level 2, 0/29 HPs)
             Began as a Troll Fighter on Apr 16, 2016.
             Slain by an orc
             ... wielding a +1 flail of crushing
              (1 damage)
             ... on level 3 of the Dungeon.
             The game lasted 00:06:47 (758 turns).

Cathrinf the Shield-Bearer (Troll Fighter)           Turns: 758, Time: 00:06:48

Health: 0/29       AC:  5    Str: 28    XL:     2   Next: 62%
Magic:  1/1        EV:  8    Int:  4    God:
Gold:   16         SH:  9    Dex:  9    Spells: 0 memorised, 1 level left

rFire  . . .     SeeInvis .     a - +0 flail
rCold  . . .     Gourm    +     b - +0 robe
rNeg   . . .     Faith    .     c - +0 shield
rPois  .         Spirit   .     (helmet restricted)
rElec  .         Dismiss  .     (no cloak)
rCorr  .         Reflect  .     (gloves unavailable)
SustAt .         Harm     .     (boots unavailable)
MR     .....                    (no amulet)
Stlth  +.........               (no ring)
                                (no ring)

@: mighty, not resistant to hostile enchantments, very unstealthy
A: unfitting armour, claws 3, fast metabolism 3, gourmand, regeneration 2,
shaggy fur 1, tough skin 2
a: no special abilities


You were on level 3 of the Dungeon.
You were not hungry.

You visited 1 branch of the dungeon, and saw 3 of its levels.

You collected 16 gold pieces.

Inventory:

Hand Weapons
 a - a +0 flail (weapon)
 e - a +0 dagger
 k - a +0 club
 l - a +0 dagger
 m - a +0 short sword
 q - a +0 club
 r - a +0 spear
 t - a +0 dagger
Missiles
 h - 16 stones (quivered)
 i - 28 sling bullets
 u - 13 bolts
Armour
 b - a +0 robe (worn)
 c - a +0 shield (worn)
 j - a +0 ring mail
 n - a +0 scale mail
 o - a +0 leather armour
 p - a +0 robe
 s - a +0 chain mail
 v - a +0 robe
Comestibles
 f - a bread ration
 g - a meat ration


   Skills:
 + Level 2.6 Fighting
 + Level 1.9 Maces & Flails
 + Level 2.7 Dodging
 + Level 2.7 Shields


You had one spell level left.
You didn't know any spells.

Dungeon Overview and Level Annotations

Branches:
Dungeon (3/15)

Altars:
Qazlal


Innate Abilities, Weirdness & Mutations

You are too large for most types of armour.
You have claws for hands.
Your metabolism is lightning-fast.
You like to eat raw meat.
You heal very quickly.
You are covered in fur (AC +1).
You have very tough skin (AC +2).


Message History

The orc hits you but does no damage.
The orc priest hits you with a falchion.
* * * LOW HITPOINT WARNING * * *
You block the orc's attack. The orc hits you but does no damage.
Unknown command.
Eat which item? (? for menu, Esc to quit)
You block the orc priest's attack. The orc hits you but does no damage.
That beef jerky was delicious!
Drink which item? (? for menu, Esc to quit)
You feel very mighty all of a sudden.
The orc priest looks braver for a moment.
The orc hits you with a flail of crushing.
* * * LOW HITPOINT WARNING * * *
x2 The orc completely misses you.
You barely miss the orc priest.
The orc priest is severely wounded.
The orc priest completely misses you. The orc hits you but does no damage.
The orc hits you with a flail of crushing.
* * * LOW HITPOINT WARNING * * *
You die...

......=..
.........
.........
#.......
#.....# #
#.....#
#.#.#.#o....###
......o@o......
#.#.###o.......
.........
##########


You could see an orc priest, an orc wizard and 2 orcs.

Vanquished Creatures
  2 giant geckos (D:1)
  2 bats
  A giant cockroach (D:1)
  2 hobgoblins (D:1)
  3 jackals (D:2)
  A giant newt (D:1)
  3 goblins
  A kobold (D:1)
  2 rats (D:1)
17 creatures vanquished.

Notes
Turn   | Place    | Note
--------------------------------------------------------------
     0 | D:1      | Cathrinf the Troll Fighter began the quest for the Orb.
     0 | D:1      | Reached XP level 1. HP: 22/22 MP: 0/0
   217 | D:1      | Reached XP level 2. HP: 29/29 MP: 1/1
   620 | D:2      | Found a stormy altar of Qazlal.
   757 | D:3      | HP: 1/29 [orc/flail of crushing (1)]
   758 | D:3      | Slain by an orc

Vault maps used:
D:1:      dpeg_arrival_three_same_balls
D:2:      nicolae_qazlal_general_emergency, first_bread
D:3:      lemuel_crystal_altar, minmay_misc_feat_hallway, uniq_robin

Action                   || total
-------------------------++-------
Melee: Flail             ||    68
  Use: Potion            ||     3
       Scroll            ||     1
  Eat: Bread ration      ||     1
       Beef jerky        ||     1
Armor: Robe              ||    24
Dodge: Dodged            ||    43
Block: Shield            ||    46
